 Dungeon Crawl Stone Soup version 0.13-a0-2700-g8dc4729 (webtiles) character file.

564 JacquesDerrida the Quickloader (level 6, -1/35 HPs)
             Began as a Tengu Hunter on Aug 15, 2013.
             Slain by an orc (4 damage)
             ... on Level 5 of the Dungeon.
             The game lasted 00:09:41 (4516 turns).

JacquesDerrida the Quickloader (Tengu Hunter)       Turns: 4516, Time: 00:09:41

HP  -1/35        AC  4     Str 13      XL: 6   Next: 92%
MP   7/7         EV 11     Int 13      God:
Gold 149         SH  0     Dex 14      Spells:  0 memorised,  5 levels left

Res.Fire  : . . .   See Invis. : .   q - scroll of fear {unknown}
Res.Cold  : . . .   Warding    : .   t - +0 elf leather armour (curse)
Life Prot.: . . .   Conserve   : .   (no shield)
Res.Poison: .       Res.Corr.  : .   (helmet restricted)
Res.Elec. : .       Clarity    : .   i - +0 orc cloak
Sust.Abil.: . .     Spirit.Shd : .   (no gloves)
Res.Mut.  : .       Stasis     : .   (boots unavailable)
Res.Rott. : .       Flight     : .   z - amulet of faith {unknown}
Saprovore : . . .                    (no ring)
                                     (no ring)

@: quite poisoned, slightly resistant to hostile enchantments, unstealthy
A: able to fly, beak, talons 3
a: Fly


You were on level 5 of the Dungeon.
You were hungry.

You visited 1 branch of the dungeon, and saw 5 of its levels.

You collected 129 gold pieces.

Inventory:

Hand weapons
 a - a +0,+0 short sword
 b - a +1,+1 crossbow
Missiles
 c - 14 bolts
Armour
 d - a +0 leather armour
 i - a +0 orcish cloak (worn)
 t - a cursed +0 elven leather armour (worn)
 F - a +0 cloak
Comestibles
 f - 4 bread rations
 D - a honeycomb
Scrolls
 e - 3 scrolls of remove curse {unknown}
 h - 2 scrolls of enchant weapon II {unknown}
 k - a scroll of enchant weapon I {unknown}
 l - 2 scrolls of noise {unknown}
 m - a scroll of curse jewellery {unknown}
 o - 2 scrolls of fog {unknown}
 q - a scroll of fear (in hand) {unknown}
 s - 2 scrolls of identify {unknown}
 u - 3 scrolls of blinking {unknown}
 w - a scroll of random uselessness {unknown}
 B - 3 scrolls of curse weapon {unknown}
 E - a scroll of magic mapping {unknown}
Jewellery
 z - an amulet of faith (around neck) {unknown}
Potions
 g - 4 potions of curing
 j - a potion of degeneration {unknown}
 n - a potion of mutation {unknown}
 p - a potion of cure mutation {unknown}
 r - a potion of heal wounds {unknown}
 v - a potion of poison
 x - a potion of speed {unknown}
 A - a potion of magic {unknown}
 C - a potion of paralysis {unknown}
Books
 y - a book of Callings

   Spells                             Type                      Level
   Summon Small Mammal                Summoning                    1
   Call Imp                           Summoning                    2
   Call Canine Familiar               Summoning                    3
   Summon Scorpions                   Summoning/Poison             4
   Summon Ice Beast                   Ice/Summoning                4


   Skills:
 - Level 1.0 Fighting
 + Level 8.8 Crossbows
 - Level 2.1 Dodging
 - Level 1.0 Stealth


You had 5 spell levels left.
You didn't know any spells.

Dungeon Overview and Level Annotations

Branches:
Dungeon (5/27)
 Temple: D:4-7

Altars:
Elyvilon

Shops:
D:4: *

Annotations
D:4 Duvessa
D:5 Eustachio


Innate Abilities, Weirdness & Mutations

You can fly.
You have a beak for a mouth.
You have claws for feet.


Message History

You are too injured to fight recklessly!
You are too injured to fight recklessly!
You are too injured to fight recklessly!
You are too injured to fight recklessly!
You are too injured to fight recklessly!
You are too injured to fight recklessly!
You are too injured to fight recklessly!
You are too injured to fight recklessly!
You are too injured to fight recklessly!
Wield which item (- for none, * to show all)? (? for menu, Esc to quit)
q - a scroll labeled KEIRESAATHRY (in hand) Eustachio mumbles some strange words.
Unknown command.
Unknown command.
Drink which item? (? for menu, Esc to quit)
That liquid tasted very nasty...
You are poisoned.
It was a potion of poison.
* * * LOW HITPOINT WARNING * * *
You feel sick. The orc hits you.
You die...

#.###
#################....
#....#..#...........#
#..#..............#.#
....###.###..#.#########.#
...........#..#.# #.#
........#.#..#.# #.#
........#.#..#.# #.#
#####...#@#..#.# #.#
#...#o#..#.# #.#
#...#o#..#.# #.#
#...#.####.# ######.#
#.###b. ..# ##....#.. ...
.......... ...# ##.##.#..
r... ....#.##...# .@...
.........#.#


You could see Eustachio, an orc priest, a green rat, an orc and a bat.

Vanquished Creatures
  An ogre (D:4)
  A water moccasin (D:4)
  A crimson imp (D:5)
  A gnoll shaman (D:4)
  An orc wizard (D:5)
  A worker ant (D:4)
  An ogre skeleton (D:4)
  4 gnolls
  An adder (D:4)
  6 orcs
  2 ball pythons
  6 giant cockroaches
  10 goblins
  7 hobgoblins
  16 jackals
  A quokka (D:5)
  8 bats
  A giant gecko (D:4)
  3 giant newts
  13 kobolds
  A kobold skeleton (D:4)
  5 rats
91 creatures vanquished.

Notes
Turn   | Place    | Note
--------------------------------------------------------------
     0 | D:1      | JacquesDerrida, the Tengu Hunter, began the quest for the Orb.
     0 | D:1      | Reached XP level 1. HP: 12/12 MP: 0/0
   424 | D:1      | Reached XP level 2. HP: 14/17 MP: 2/2
   509 | D:1      | Reached skill level 5 in Crossbows
   852 | D:1      | Reached XP level 3. HP: 13/21 MP: 3/3
  1749 | D:2      | Found a white marble altar of Elyvilon.
  2332 | D:3      | Reached skill level 6 in Crossbows
  2332 | D:3      | Reached XP level 4. HP: 16/26 MP: 4/4
  3577 | D:4      | Reached XP level 5. HP: 19/30 MP: 6/6
  3707 | D:4      | Found Waufac's Serpentskin Sales.
  3707 | D:4      | Noticed a water moccasin
  3723 | D:4      | Noticed a water moccasin
  3730 | D:4      | Killed a water moccasin
  3730 | D:4      | Reached skill level 7 in Crossbows
  3869 | D:4      | Noticed an ogre
  3880 | D:4      | Killed an ogre
  3880 | D:4      | Reached skill level 8 in Crossbows
  3880 | D:4      | Reached XP level 6. HP: 35/35 MP: 7/7
  4220 | D:4      | Noticed Duvessa
  4268 | D:5      | Entered Level 5 of the Dungeon
  4513 | D:5      | Noticed Eustachio
  4516 | D:5      | Slain by an orc

Action                   |  1- 3 |  4- 6 || total
-------------------------+-------+-------++-------
Melee: Short sword       |   135 |    77 ||   212
 Fire: Crossbow          |     1 |    34 ||    35
  Use: Potion            |     1 |     1 ||     2
 Stab: Distracted        |     1 |       ||     1
